 Dungeon Crawl Stone Soup version 0.30.0-20-g3615ddf2f0 (webtiles) character file.

Game seed: 2865331205369980534

4736 qw the Blocker (level 10, -17/60 HPs)
             Began as a Gargoyle Fighter on May 29, 2023.
             Was a Believer of Okawaru.
             Killed from afar by a lindwurm (26 damage)
             ... with a blast of flame
             ... on level 8 of the Dungeon.
             The game lasted 00:04:41 (8302 turns).

qw the Blocker (Gargoyle Fighter)                   Turns: 8302, Time: 00:04:42

Health: -17/60     AC: 21    Str: 25    XL:     10   Next: 46%
Magic:  12/13      EV:  9    Int:  8    God:    Okawaru [**....]
Gold:   410        SH: 18    Dex:  9    Spells: 9/9 levels left

rFire   . . .        Y - +1 broad axe
rCold   . . .        q - +0 tower shield
rNeg    + . .        i - +0 chain mail
rPois   inf          r - +0 helmet
rElec   +            f - +0 cloak
rCorr   .            (no gloves)
SInv    .            (no boots)
Will    .....        b - amulet of the acrobat Stlth
                     (no ring)
HPRegen 0.30/turn    (no ring)
MPRegen 0.13/turn

%: acrobat
@: heroic
A: sickness immunity, AC +7, negative energy resistance 1, electricity
resistance, torment resistance 1, petrification resistance
a: Renounce Religion, Heroism


You were on level 8 of the Dungeon.
You worshipped Okawaru.
Okawaru was pleased with you.
You visited 2 branches of the dungeon, and saw 9 of its levels.

You collected 606 gold pieces.
You spent 196 gold pieces at shops.


Innate Abilities, Weirdness & Mutations

You are immune to sickness and miasma.
Your stone body is resilient. (AC +7)
You are immune to poison.
You resist negative energy. (rN+)
You are resistant to electric shocks. (rElec)
You are resistant to unholy torment.
You are immune to petrification.


   Skills:
 - Level 6.0(11.0) Fighting
 + Level 8.7(13.7) Axes
 - Level 1.4(6.4) Throwing
 - Level 4.3(9.3) Armour
 - Level 1.1(6.1) Dodging
 - Level 11.0(16.0) Shields
 - Level 4.0 Invocations


You had 9 spell levels left.
You didn't know any spells.
Your spell library was empty.

Inventory:

Hand Weapons
 m - a +0 flail
 Y - a +1 broad axe (weapon)
Missiles
 o - a boomerang (quivered)
Armour
 f - a +0 cloak (worn)
 i - a +0 chain mail (worn)
 q - a +0 tower shield (worn)
 r - a +0 helmet (worn)
 s - a +2 hat
 v - a +0 scale mail of willpower
Jewellery
 b - an amulet of the acrobat (around neck)
 n - a ring of fire
Scrolls
 k - 3 scrolls of identify
 l - 6 scrolls of teleportation
 u - a scroll of torment {unknown}
Potions
 a - a potion of resistance
 c - a potion of magic
 d - 4 potions of might
 e - a potion of heal wounds
 g - 2 potions of curing
 h - a potion of lignification
 j - a potion of haste
 p - 3 potions of mutation
 t - a potion of cancellation {unknown}

Dungeon Overview and Level Annotations

Branches:
Dungeon (8/15)             Temple (1/1) D:6            Lair (0/5) D:8

Altars:
Cheibriados
Dithmenos
Elyvilon
Gozag
Kikubaaqudgha
Makhleb
Nemelex Xobeh
Okawaru
Qazlal
Ru
Sif Muna
Uskayaw
Vehumet
Yredelemnul
Zin
The Shining One

Shops:
D:4 ?*   D:5 ?

Annotations:
D:5 3 runed translucent doors, qw's ghost, novice GrFi
D:8 1 runed translucent door, qw's ghost, novice GrCA


Message History

Enter note:
Enter note:
Enter note:
Enter note:
Enter note:
Enter note:
Enter note:
8293 ||| INVOKING Heroism.
You gain the combat prowess of a mighty hero.
You throw a boomerang.
The boomerang barely misses the lindwurm.
A lindwurm comes into view.
You throw a boomerang. The lindwurm roars!
The boomerang hits the lindwurm and shatters for extra damage.
The lindwurm is lightly wounded.
The lindwurm breathes flames at you. The blast of flame misses you.
You throw a boomerang. The lindwurm roars!
The boomerang hits the lindwurm.
The lindwurm is lightly wounded.
You throw a boomerang. The boomerang hits the lindwurm!
The lindwurm is moderately wounded.
You throw a boomerang. The boomerang hits the lindwurm.
The lindwurm is moderately wounded.
The lindwurm breathes flames at you. The blast of flame hits you!
You throw a boomerang. The boomerang hits the lindwurm!
The lindwurm is heavily wounded.
You throw a boomerang. The boomerang hits the lindwurm.
The lindwurm is heavily wounded.
You throw a boomerang. The boomerang hits the lindwurm!
The lindwurm is almost dead.
The lindwurm breathes flames at you. The blast of flame hits you!!!
Ouch! That really hurt!
The lindwurm breathes flames at you. The blast of flame hits you!!
You die...

#...~~~¤¤¤#
.~~~~
#...~~~¤~.##(|
.¤¤¤~
#....¤¤¤¤..#.$
.¤¤¤~
#....¤¤¤~~k.##
~~~¤¤
##...~~~~~kk.#
¤~~~~
#....~¤~~~¤..
¤~~¤.
##...~¤~~~¤~~
~~~¤.
##...~~~¤¤¤~
~~¤..
#..@.~~¤~¤¤
~¤...
##.....¤¤¤~
.....
##.......¤
....#
###?..... ..##
####.. ## #


You could see 3 lindwurms.

Vanquished Creatures
  Pikel (D:6)
  Sigmund (D:4)
  Eustachio (D:4)
  3 wyverns (D:8)
  6 yaks (D:8)
  2 steam dragons
  Menkaure (D:4)
  3 water moccasins (D:8)
  A black bear (D:6)
  2 ice beasts
  A sky beast (D:6)
  An ogre (D:7)
  3 centaurs
  2 lemures (D:6)
  2 phantoms
  3 scorpions
  3 howler monkeys (D:7)
  4 hounds
  2 jellies
  5 orc priests
  3 orc wizards
  2 iguanas
  16 gnolls (D:5)
  3 adders
  3 white imps
  2 ufetubi (D:4)
  A worm (D:2)
  3 dart slugs
  15 orcs
  13 endoplasms
  4 giant cockroaches
  22 goblins
  35 hobgoblins
  7 jackals
  3 quokkas
  7 ball pythons
  4 bats
  9 kobolds
  9 rats
208 creatures vanquished.

Notes
Turn   | Place    | Note
-------+----------+-------------------------------------------
     0 | D:1      | qw the Gargoyle Fighter began the quest for the Orb.
     0 | D:1      | Reached XP level 1. HP: 14/14 MP: 1/1
     0 | D:1      | 0 ||| qw: Version: 0.2-a-101-gf424e7f
     0 | D:1      | 0 ||| qw: Game counter: 292
     0 | D:1      | 0 ||| qw: Always use a shield: true
     0 | D:1      | 0 ||| qw: God list: Okawaru
     0 | D:1      | 0 ||| qw: Allow faded altars: false
     0 | D:1      | 0 ||| qw: Do Orc after D:15 true
     0 | D:1      | 0 ||| qw: Do second Lair branch before Depths: true
     0 | D:1      | 0 ||| qw: Lair rune preference: random
     0 | D:1      | 0 ||| qw: Plans: Normal, Zot:1-4, Slime:5, God:TSO, Crypt,
                  | Tomb, Pan, Hells, Abyss, Win
     0 | D:1      | 0 ||| PLANNING D:1-11
    38 | D:1      | 38 ||| Stepping ~*~*~tactically~*~*~ (stealth).
    44 | D:1      | 44 ||| Stepping ~*~*~tactically~*~*~ (hiding).
    48 | D:1      | 48 ||| Stepping ~*~*~tactically~*~*~ (hiding).
    54 | D:1      | Reached XP level 2. HP: 19/19 MP: 2/2
    60 | D:1      | 60 ||| Stepping ~*~*~tactically~*~*~ (stealth).
   252 | D:1      | 252 ||| Stepping ~*~*~tactically~*~*~ (stealth).
   288 | D:1      | Reached skill level 3 in Axes
   309 | D:1      | Reached XP level 3. HP: 23/23 MP: 3/3
   371 | D:1      | 371 ||| Stepping ~*~*~tactically~*~*~ (hiding).
   612 | D:1      | 612 ||| DROPPING +0 club.
   784 | D:1      | 784 ||| UPGRADING to +0 cloak.
   789 | D:1      | 789 ||| DROPPING amulet of faith.
   790 | D:1      | 790 ||| DROPPING ring of flight.
   791 | D:1      | 791 ||| READING scroll labelled MEJOIW KOOKEPP.
   792 | D:1      | 792 ||| READING scroll labelled PUNOB GUEDIO.
   793 | D:1      | 793 ||| DRINKING 2 metallic emerald potions.
  1122 | D:2      | Found a faded altar of an unknown god.
  1174 | D:2      | 1174 ||| Stepping ~*~*~tactically~*~*~ (stealth).
  1175 | D:2      | 1175 ||| Stepping ~*~*~tactically~*~*~ (stealth).
  1178 | D:2      | 1178 ||| Stepping ~*~*~tactically~*~*~ (stealth).
  1359 | D:2      | 1359 ||| Stepping ~*~*~tactically~*~*~ (hiding).
  1695 | D:2      | 1695 ||| READING scroll labelled EQIECZENAIM.
  1696 | D:2      | 1696 ||| READING scroll labelled FUTAFU KUOPRY.
  1697 | D:2      | 1697 ||| READING scroll labelled LUPSOU NUNTA.
  1698 | D:2      | 1698 ||| READING 3 scrolls labelled FEANYL DEAGO.
  1702 | D:2      | 1702 ||| DRINKING 2 clear potions.
  1703 | D:2      | 1703 ||| DRINKING 4 black potions.
  1905 | D:3      | Reached XP level 4. HP: 28/28 MP: 4/4
  2524 | D:3      | 2524 ||| UPGRADING to +0 chain mail.
  2534 | D:3      | 2534 ||| DROPPING +0 scale mail.
  2535 | D:3      | 2535 ||| UPGRADING to +0 tower shield.
  2545 | D:3      | 2545 ||| DROPPING +0 buckler.
  2546 | D:3      | 2546 ||| UPGRADING to +0 helmet.
  2551 | D:3      | 2551 ||| DROPPING +0 scale mail of willpower.
  2552 | D:3      | 2552 ||| DROPPING ring of wizardry.
  2553 | D:3      | 2553 ||| READING scroll labelled MUELAU VUKKE.
  2554 | D:3      | 2554 ||| DRINKING 2 ruby potions.
  2555 | D:3      | 2555 ||| DRINKING 3 potions of curing.
  2555 | D:3      | 2555 ||| (to cure confusion)
  2556 | D:3      | 2556 ||| DRINKING 2 lumpy puce potions.
  2557 | D:3      | 2557 ||| DROPPING potion of ambrosia.
  2558 | D:3      | 2558 ||| DROPPING potion of invisibility.
  2613 | D:4      | 2613 ||| Stepping ~*~*~tactically~*~*~ (stealth).
  2615 | D:4      | Noticed a scorpion
  2622 | D:4      | Killed a scorpion
  2623 | D:4      | Reached skill level 4 in Shields
  2623 | D:4      | Reached XP level 5. HP: 29/32 MP: 5/5
  2627 | D:4      | Noticed Menkaure
  2629 | D:4      | 2629 ||| FLEEEEING.
  2630 | D:4      | 2630 ||| FLEEEEING.
  2635 | D:4      | 2635 ||| FLEEEEING.
  2636 | D:4      | 2636 ||| FLEEEEING.
  2637 | D:4      | 2637 ||| FLEEEEING.
  2638 | D:4      | 2638 ||| FLEEEEING.
  2639 | D:4      | 2639 ||| FLEEEEING.
  2640 | D:4      | 2640 ||| FLEEEEING.
  2641 | D:4      | 2641 ||| FLEEEEING.
  2642 | D:4      | 2642 ||| FLEEEEING.
  2645 | D:4      | 2645 ||| STAIRDANCE
  2669 | D:4      | 2669 ||| Stepping ~*~*~tactically~*~*~ (hiding).
  2684 | D:4      | Killed Menkaure
  2685 | D:4      | Reached skill level 6 in Shields
  2685 | D:4      | Reached XP level 6. HP: 12/37 MP: 6/6
  2822 | D:4      | Found an ancient bone altar of Kikubaaqudgha.
  2836 | D:4      | HP: 9/37 [acid (7)]
  2837 | D:4      | 2837 ||| READING 2 scrolls of teleportation.
  2838 | D:4      | 2838 ||| DRINKING potion of heal wounds.
  3116 | D:4      | Found a glowing silver altar of Zin.
  3120 | D:4      | 3120 ||| Stepping ~*~*~tactically~*~*~ (stealth).
  3132 | D:4      | Reached skill level 7 in Shields
  3132 | D:4      | Reached XP level 7. HP: 41/41 MP: 7/7
  3155 | D:4      | Noticed Eustachio
  3171 | D:4      | HP: 10/41 [Eustachio/+5 rapier of venom (8)]
  3172 | D:4      | 3172 ||| READING 2 scrolls of teleportation.
  3174 | D:4      | Noticed Sigmund
  3180 | D:4      | HP: 8/41 [something (4)]
  3181 | D:4      | Killed Sigmund
  3315 | D:4      | 3315 ||| READING scroll of enchant weapon.
  3315 | D:4      | 3315 ||| ENCHANTING +1 war axe.
  3395 | D:4      | 3395 ||| DROPPING amulet of magic regeneration.
  3396 | D:4      | 3396 ||| READING scroll labelled GOZALUD JUGH.
  3408 | D:4      | 3408 ||| FLEEEEING.
  3416 | D:4      | 3416 ||| FLEEEEING.
  3417 | D:4      | 3417 ||| FLEEEEING.
  3418 | D:4      | 3418 ||| FLEEEEING.
  3419 | D:4      | 3419 ||| FLEEEEING.
  3420 | D:4      | 3420 ||| FLEEEEING.
  3433 | D:4      | 3433 ||| FLEEEEING.
  3434 | D:4      | 3434 ||| FLEEEEING.
  3435 | D:4      | 3435 ||| FLEEEEING.
  3436 | D:4      | 3436 ||| FLEEEEING.
  3462 | D:4      | Killed Eustachio
  3463 | D:4      | Reached skill level 8 in Shields
  3697 | D:4      | Found The Oracle's Delphic Readings.
  3701 | D:4      | 3701 ||| BUYING scroll of teleportation (30 gold).
  3701 | D:4      | Bought a scroll of teleportation for 30 gold pieces
  3701 | D:4      | 3701 ||| BUYING scroll of teleportation (30 gold).
  3701 | D:4      | Bought a scroll of teleportation for 30 gold pieces
  3719 | D:4      | Found Yxastroz's General Store.
  3724 | D:4      | 3724 ||| BUYING +0 broad axe (40 gold).
  3724 | D:4      | Bought a +0 broad axe for 40 gold pieces
  3724 | D:4      | 3724 ||| SHOPLISTING +2 ring mail of fire resistance (210
                  | gold, have 130).
  3724 | D:4      | 3724 ||| BUYING potion of heal wounds (50 gold).
  3724 | D:4      | Bought a potion of heal wounds for 50 gold pieces
  3724 | D:4      | 3724 ||| BUYING scroll of identify (20 gold).
  3724 | D:4      | Bought a scroll of identify for 20 gold pieces
  3724 | D:4      | 3724 ||| SWAPPING to +0 broad axe.
  3725 | D:4      | 3725 ||| DROPPING +2 heavy war axe.
  3840 | D:4      | 3840 ||| READING scroll labelled MYMMI RESIRI.
  3841 | D:4      | 3841 ||| READING 5 scrolls of identify.
  3841 | D:4      | 3841 ||| IDENTIFYING lumpy grey potion
  3842 | D:4      | 3842 ||| READING 4 scrolls of identify.
  3842 | D:4      | 3842 ||| IDENTIFYING metallic coppery potion
  3843 | D:4      | 3843 ||| READING 3 scrolls of identify.
  3843 | D:4      | 3843 ||| IDENTIFYING glowing green potion
  3844 | D:4      | 3844 ||| READING 2 scrolls of identify.
  3844 | D:4      | 3844 ||| IDENTIFYING glowing orange potion
  3845 | D:4      | 3845 ||| DROPPING potion of brilliance.
  3846 | D:4      | 3846 ||| DROPPING potion of flight.
  3861 | D:5      | Entered Level 5 of the Dungeon
  3974 | D:5      | Found a runed translucent gate.
  3974 | D:5      | Noticed qw's ghost (novice GrFi)
  3975 | D:5      | Found a runed translucent gate.
  3975 | D:5      | Found a runed translucent gate.
  3975 | D:5      | Identified the +9 sling of Lereb {antimagic, Str+7}
  3975 | D:5      | Identified the +7 chain mail of the Vanishing Queens {rC+
                  | rN+ Will+}
  3977 | D:5      | Identified the +10 plate armour of Happiness {rCorr Int+2
                  | Dex+3}
  4107 | D:5      | Noticed a steam dragon
  4108 | D:5      | 4108 ||| Stepping ~*~*~tactically~*~*~ (cloud).
  4110 | D:5      | 4110 ||| FLEEEEING.
  4121 | D:5      | Killed a steam dragon
  4122 | D:5      | Reached XP level 8. HP: 20/46 MP: 8/8
  4340 | D:5      | Found Moeviapp's Magic Scroll Shoppe.
  4348 | D:5      | 4348 ||| BUYING scroll of identify (26 gold).
  4348 | D:5      | Bought a scroll of identify for 26 gold pieces
  4448 | D:5      | Reached skill level 9 in Shields
  4607 | D:5      | 4607 ||| Stepping ~*~*~tactically~*~*~ (stealth).
  4913 | D:5      | Reached skill level 6 in Axes
  4921 | D:5      | 4921 ||| FLEEEEING.
  4922 | D:5      | 4922 ||| FLEEEEING.
  4923 | D:5      | 4923 ||| FLEEEEING.
  4924 | D:5      | 4924 ||| FLEEEEING.
  4925 | D:5      | 4925 ||| FLEEEEING.
  4926 | D:5      | 4926 ||| FLEEEEING.
  4927 | D:5      | 4927 ||| FLEEEEING.
  4928 | D:5      | 4928 ||| FLEEEEING.
  4929 | D:5      | 4929 ||| FLEEEEING.
  4930 | D:5      | 4930 ||| FLEEEEING.
  4931 | D:5      | 4931 ||| FLEEEEING.
  4932 | D:5      | 4932 ||| FLEEEEING.
  4933 | D:5      | 4933 ||| FLEEEEING.
  4934 | D:5      | 4934 ||| FLEEEEING.
  4935 | D:5      | 4935 ||| FLEEEEING.
  4936 | D:5      | 4936 ||| FLEEEEING.
  4938 | D:5      | 4938 ||| FLEEEEING.
  4939 | D:5      | 4939 ||| FLEEEEING.
  4940 | D:5      | 4940 ||| FLEEEEING.
  4941 | D:5      | 4941 ||| FLEEEEING.
  4942 | D:5      | 4942 ||| FLEEEEING.
  4943 | D:5      | 4943 ||| FLEEEEING.
  4944 | D:5      | 4944 ||| FLEEEEING.
  4945 | D:5      | 4945 ||| FLEEEEING.
  4946 | D:5      | 4946 ||| FLEEEEING.
  4947 | D:5      | 4947 ||| FLEEEEING.
  4948 | D:5      | 4948 ||| FLEEEEING.
  4949 | D:5      | 4949 ||| FLEEEEING.
  4950 | D:5      | 4950 ||| FLEEEEING.
  4951 | D:5      | 4951 ||| FLEEEEING.
  4952 | D:5      | 4952 ||| FLEEEEING.
  4953 | D:5      | 4953 ||| FLEEEEING.
  4956 | D:5      | 4956 ||| FLEEEEING.
  4957 | D:5      | 4957 ||| FLEEEEING.
  4958 | D:5      | 4958 ||| FLEEEEING.
  4959 | D:5      | 4959 ||| STAIRDANCE
  5012 | D:4      | 5012 ||| READING 2 scrolls of identify.
  5012 | D:4      | 5012 ||| IDENTIFYING fizzy yellow potion
  5013 | D:4      | 5013 ||| DROPPING potion of degeneration.
  5036 | D:5      | 5036 ||| FLEEEEING.
  5037 | D:5      | 5037 ||| FLEEEEING.
  5038 | D:5      | 5038 ||| STAIRDANCE
  5185 | D:5      | 5185 ||| Stepping ~*~*~tactically~*~*~ (hiding).
  5204 | D:5      | Reached skill level 1 in Dodging
  5365 | D:5      | 5365 ||| Stepping ~*~*~tactically~*~*~ (stealth).
  6199 | D:6      | Found a staircase to the Ecumenical Temple.
  6200 | D:6      | 6200 ||| PLANNING TEMPLE
  6200 | D:6      | 6200 ||| READING scroll labelled NOS CUGROE.
  6230 | Temple   | Entered the Ecumenical Temple
  6297 | Temple   | 6297 ||| PLANNING OKAWARU WORSHIP
  6469 | Temple   | Became a worshipper of Warmaster Okawaru
  6469 | Temple   | 6469 ||| PLANNING D:1-11
  6544 | D:6      | Noticed Pikel
  6545 | D:6      | 6545 ||| Stepping ~*~*~tactically~*~*~ (stealth).
  6564 | D:6      | Killed Pikel
  6564 | D:6      | Reached * piety under Okawaru
  6565 | D:6      | Reached skill level 11 in Shields
  6565 | D:6      | Reached XP level 9. HP: 36/52 MP: 9/9
  6646 | D:6      | Reached skill level 1 in Invocations
  6765 | D:6      | 6765 ||| INVOKING Heroism.
  6776 | D:6      | 6776 ||| INVOKING Heroism.
  6867 | D:6      | Found a burning altar of Makhleb.
  6997 | D:6      | 6997 ||| UPGRADING to amulet of the acrobat.
  7002 | D:6      | 7002 ||| READING scroll labelled JOHEPU TEMOOKAMI.
  7003 | D:6      | 7003 ||| READING 3 scrolls of identify.
  7003 | D:6      | 7003 ||| IDENTIFYING puce potion
  7051 | D:7      | 7051 ||| INVOKING Heroism.
  7130 | D:7      | 7130 ||| INVOKING Heroism.
  7182 | D:7      | 7182 ||| INVOKING Heroism.
  7190 | D:7      | Reached skill level 3 in Invocations
  7242 | D:7      | 7242 ||| INVOKING Heroism.
  7256 | D:7      | 7256 ||| INVOKING Heroism.
  7273 | D:7      | 7273 ||| FLEEEEING.
  7274 | D:7      | 7274 ||| FLEEEEING.
  7275 | D:7      | 7275 ||| FLEEEEING.
  7276 | D:7      | 7276 ||| FLEEEEING.
  7277 | D:7      | 7277 ||| FLEEEEING.
  7278 | D:7      | 7278 ||| FLEEEEING.
  7279 | D:7      | 7279 ||| FLEEEEING.
  7280 | D:7      | 7280 ||| FLEEEEING.
  7281 | D:7      | 7281 ||| FLEEEEING.
  7282 | D:7      | 7282 ||| FLEEEEING.
  7288 | D:7      | 7288 ||| FLEEEEING.
  7289 | D:7      | 7289 ||| FLEEEEING.
  7290 | D:7      | 7290 ||| FLEEEEING.
  7291 | D:7      | 7291 ||| FLEEEEING.
  7292 | D:7      | 7292 ||| FLEEEEING.
  7293 | D:7      | 7293 ||| FLEEEEING.
  7294 | D:7      | 7294 ||| FLEEEEING.
  7295 | D:7      | 7295 ||| FLEEEEING.
  7296 | D:7      | 7296 ||| FLEEEEING.
  7297 | D:7      | 7297 ||| FLEEEEING.
  7298 | D:7      | 7298 ||| FLEEEEING.
  7299 | D:7      | 7299 ||| FLEEEEING.
  7300 | D:7      | 7300 ||| FLEEEEING.
  7301 | D:7      | 7301 ||| FLEEEEING.
  7302 | D:7      | 7302 ||| FLEEEEING.
  7303 | D:7      | 7303 ||| FLEEEEING.
  7304 | D:7      | 7304 ||| FLEEEEING.
  7305 | D:7      | 7305 ||| FLEEEEING.
  7306 | D:7      | 7306 ||| FLEEEEING.
  7307 | D:7      | 7307 ||| FLEEEEING.
  7308 | D:7      | 7308 ||| STAIRDANCE
  7332 | D:6      | 7332 ||| READING scroll labelled ISTRAPR QIR RUC.
  7606 | D:8      | 7606 ||| Stepping ~*~*~tactically~*~*~ (stealth).
  7609 | D:8      | 7609 ||| Stepping ~*~*~tactically~*~*~ (stealth).
  7612 | D:8      | 7612 ||| Stepping ~*~*~tactically~*~*~ (hiding).
  7617 | D:8      | 7617 ||| INVOKING Heroism.
  7625 | D:8      | 7625 ||| DRINKING 3 potions of curing.
  7625 | D:8      | 7625 ||| (to cure confusion)
  7693 | D:8      | 7693 ||| Stepping ~*~*~tactically~*~*~ (stealth).
  7694 | D:8      | 7694 ||| Stepping ~*~*~tactically~*~*~ (stealth).
  7695 | D:8      | 7695 ||| Stepping ~*~*~tactically~*~*~ (stealth).
  7702 | D:8      | 7702 ||| Stepping ~*~*~tactically~*~*~ (stealth).
  7717 | D:8      | 7717 ||| READING scroll of enchant weapon.
  7717 | D:8      | 7717 ||| ENCHANTING +0 broad axe.
  7728 | D:8      | Found a runed translucent door.
  7732 | D:8      | Noticed qw's ghost (novice GrCA)
  7830 | D:8      | Reached skill level 1 in Throwing
  7848 | D:8      | 7848 ||| Stepping ~*~*~tactically~*~*~ (stealth).
  7860 | D:8      | Reached XP level 10. HP: 59/59 MP: 13/13
  7877 | D:8      | 7877 ||| INVOKING Heroism.
  7888 | D:8      | Reached ** piety under Okawaru
  7898 | D:8      | Reached skill level 6 in Fighting
  7901 | D:8      | 7901 ||| INVOKING Heroism.
  7993 | D:8      | Found a staircase to the Lair.
  8020 | D:8      | 8020 ||| Stepping ~*~*~tactically~*~*~ (stealth).
  8292 | D:8      | Noticed a lindwurm
  8292 | D:8      | Noticed a lindwurm
  8293 | D:8      | 8293 ||| INVOKING Heroism.
  8295 | D:8      | Noticed a lindwurm
  8302 | D:8      | HP: 9/60 [lindwurm/blast of flame (36)]
  8302 | D:8      | Killed from afar by a lindwurm

Levels and vault maps discovered:
D:1:      amcnicky_arrival_gap_in_the_tavern_cellar, layout_basic,
          minmay_split_cup_small
D:2:      layout_basic, shapermc_ecumenical_altar_ellora, minmay_liquid_box
D:3:      layout_basic, serial_rivers, chequers_serial_rivers_micro_b,
          chequers_serial_rivers_small_b, chequers_serial_rivers_large_b,
          chequers_serial_rivers_small_a
D:4:      layout_loops_ring, kiku_gazebo_garden_becter,
          mainiacjoe_overflow_six_doors_small, serial_shops, shop,
          nicolae_nh_oracle_at_delphi, uniq_sigmund, uniq_menkaure,
          uniq_eustachio
D:5:      minmay_goblin_kobold_castle, layout_basic, serial_shops, shop,
          biasface_ghost_orc_armoury
D:6:      layout_basic, makhleb_heckhound_becter,
          minmay_temple_entry_purple_smoke, uniq_pikel
D:7:      layout_rooms
D:8:      layout_basic, minmay_lair_entry_grove, hellmonk_ghost_big_iron,
          hex_intersection, minmay_lindwurm_lava
Temple:   oiseaux_autumnal_temple

Skill      XL: |  1  2  3  4  5  6  7  8  9 10 |
---------------+-------------------------------+-----
Axes           | 2 3 5 6 7 8 |  8.7
Shields        | 4 6 7 8 11 | 11.0
Fighting       | 4 5 6 |  6.0
Dodging        | 1 |  1.1
Invocations    | 4 |  4.0
Throwing       | 1 |  1.4
Armour         | 4 |  4.3

Action                     |  1- 3 |  4- 6 |  7- 9 | 10-12 || total
---------------------------+-------+-------+-------+-------++-------
  Melee: War axe           |   113 |    79 |    59 |       ||   251
         Broad axe         |       |       |   368 |    73 ||   441
  Throw: Boomerang         |       |       |     5 |    12 ||    17
 Invoke: Heroism           |       |       |     8 |     3 ||    11
    Use: Scroll            |     6 |     2 |    14 |       ||    22
         Potion            |     3 |     4 |     1 |       ||     8
 Armour: Scale mail        |    51 |     3 |       |       ||    54
         Chain mail        |       |    24 |   288 |    20 ||   332
  Dodge: Dodged            |    35 |    11 |   129 |    18 ||   193
  Block: Buckler           |    14 |       |       |       ||    14
         Tower shield      |       |    45 |   453 |    58 ||   556

Table legend:
 A = Non-vault XP
 B = Vault XP
 C = Vault XP percentage of total XP
 D = Non-vault monster count
 E = Vault monster count
 F = Vault count percentage of total count
                 A         B        C        D         E       F
            +---------+---------+-------+---------+---------+-------
      Total |    2791 |    3975 |  58.7 |     123 |      83 |  40.3
            +---------+---------+-------+---------+---------+-------
        D:1 |      39 |       5 |  11.4 |      22 |       3 |  12.0
        D:2 |      25 |       0 |   0.0 |      12 |       0 |   0.0
        D:3 |      21 |       0 |   0.0 |      13 |       0 |   0.0
        D:4 |     395 |     603 |  60.4 |      24 |       5 |  17.2
        D:5 |     697 |     275 |  28.3 |      22 |      60 |  73.2
        D:6 |     515 |     718 |  58.2 |       7 |       2 |  22.2
        D:7 |     737 |       0 |   0.0 |      12 |       0 |   0.0
        D:8 |     362 |    2374 |  86.8 |      11 |      13 |  54.2
            +---------+---------+-------+---------+---------+-------
